 Dungeon Crawl Stone Soup version 0.25.0-9-g26727b6 (webtiles) character file.

Game seed: 6908624053557459170

276 Brutalitops the Bolt Thrower (level 6, -4/64 HPs)
             Began as an Octopode Hunter on June 16, 2020.
             Slain by an ogre
             ... wielding a +0 giant club
              (11 damage)
             ... on level 4 of the Dungeon.
             The game lasted 00:10:02 (2589 turns).

Brutalitops the Bolt Thrower (Octopode Hunter)      Turns: 2589, Time: 00:10:03

Health: -4/64      AC: 23    Str: 14    XL:     6   Next: 25%
Magic:  6/6        EV:  2    Int: 13    God:
Gold:   245        SH:  0    Dex: 12    Spells: 5/5 levels left

rFire    . . .     SeeInvis .   a - +5 whip
rCold    . . .     Gourm    .   (no shield)
rNeg     + + +     Faith    .   (helmet currently unavailable)
rPois    +         Spirit   .   (no amulet)
rElec    .         Reflect  .   (no ring)
rCorr    .         Harm     .   (no ring)
MR       .....     NoTele   +   (no ring)
Stlth    ++........             (no ring)
HPRegen  0.20/turn              (no ring)
MPRegen  0.10/turn              (no ring)
                                (no ring)
                                (no ring)

@: tree-form
A: almost no armour, stealthy swim, (amphibious), 8 rings, (constrict 8)
a: no special abilities


You were on level 4 of the Dungeon.
You were not hungry.
You were a tree.
You visited 1 branch of the dungeon, and saw 5 of its levels.

You collected 245 gold pieces.

Inventory:

Hand Weapons
 a - a +5 whip (weapon)
 b - a +1 hand crossbow
 h - a cursed -2 trident
Missiles
 c - 32 bolts
 e - 6 javelins (quivered)
Potions
 f - a potion of flight
 k - a potion of haste {unknown}
 n - 3 potions of invisibility
Comestibles
 d - 4 rations
 j - 3 chunks of flesh


   Skills:
 * Level 3.9 Fighting
 + Level 0.2 Maces & Flails
 + Level 6.3 Crossbows
 + Level 2.3 Dodging
 - Level 1.3 Stealth


You had 5 spell levels left.
You didn't know any spells.
Your spell library was empty.

Dungeon Overview and Level Annotations

Branches:
Dungeon (5/15)
 Temple: D:4-7

Altars:
Uskayaw
Vehumet


Innate Abilities, Weirdness & Mutations

You cannot wear most types of armour.
You are very stealthy in the water. (Stealth+)
((You are amphibious.))
You can wear up to eight rings at the same time.
((You can use your tentacles to constrict eight enemies at once.))
((Your skin changes colour to match your surroundings (Stealth+).))
((Your rubbery body absorbs attacks. (AC +1, EV +1)))


Message History

The ogre is severely wounded.
The ogre hits you with a +0 giant club!
* * * LOW HITPOINT WARNING * * *
Really quaff the potion of lignification?
You turn into a tree.
Your roots penetrate the ground.
The ogre hits you with a +0 giant club.
* * * LOW HITPOINT WARNING * * *
You hit the ogre.
The ogre is severely wounded.
The ogre hits you with a +0 giant club.
* * * LOW HITPOINT WARNING * * *
You barely miss the ogre.
The ogre is severely wounded.
You barely miss the ogre.
The ogre is severely wounded.
The ogre hits you but does no damage.
You hit the ogre but do no damage.
The ogre is severely wounded.
The ogre hits you with a +0 giant club!
You die...

#...# #...#
#...#### #........
#........
#.#####...#..#
#............#
#############♣..#
#...<........O..#
#############....#
(....... #...#....
#...#.... #...#
##. #.... #..#.


You could see an ogre.

Vanquished Creatures
  An orc priest (D:3)
  An orc wizard (D:3)
  Natasha (thrice) (D:2)
  2 worker ants
  2 adders
  2 oozes (D:2)
  A worm (D:2)
  A dart slug (D:1)
  2 leopard geckos
  8 orcs
  A ball python (D:2)
  2 giant cockroaches
  5 goblins
  8 hobgoblins
  2 jackals (D:3)
  3 bats
  2 frilled lizards
  8 kobolds
  4 rats (D:2)
58 creatures vanquished.

Notes
Turn   | Place    | Note
-------+----------+-------------------------------------------
     0 | D:1      | Brutalitops the Octopode Hunter began the quest for the
                  | Orb.
     0 | D:1      | Reached XP level 1. HP: 14/14 MP: 1/1
   198 | D:1      | Reached XP level 2. HP: 19/19 MP: 2/2
   586 | D:2      | Upgraded the game from 0.25.0-7-g216d0a8 to
                  | 0.25.0-9-g26727b6
   597 | D:2      | Reached XP level 3. HP: 25/25 MP: 3/3
   658 | D:2      | Noticed Natasha
   663 | D:2      | Killed Natasha
   663 | D:2      | Reached skill level 5 in Crossbows
   663 | D:2      | Reached XP level 4. HP: 30/30 MP: 4/4
   700 | D:2      | Noticed Natasha
   704 | D:2      | Killed Natasha
   767 | D:2      | Noticed Natasha
   778 | D:2      | Killed Natasha
   936 | D:2      | Reached XP level 5. HP: 36/36 MP: 5/5
  1090 | D:2      | Found a radiant altar of Vehumet.
  1508 | D:3      | You fall into a shaft and drop 2 floors!
  1508 | D:5      | Entered Level 5 of the Dungeon
  1990 | D:3      | Reached skill level 6 in Crossbows
  1993 | D:3      | Found a hide-covered altar of Uskayaw.
  2289 | D:3      | Reached XP level 6. HP: 43/43 MP: 6/6
  2589 | D:4      | Slain by an ogre

Illustrated notes

Levels and vault maps discovered:
D:1:      wander_arrival_desolate, layout_basic
D:2:      layout_loops_ring, vehumet_crystals, first_ration, uniq_natasha
D:3:      layout_basic, old_standard_altar, serial_bayou_lagoon_a
D:4:      layout_basic, hangedman_decor_points, minivault_24
D:5:      layout_basic, marbit_many_paths, ebering_ghost_disaster_area

Skill      XL: |  1  2  3  4  5 |
---------------+----------------+-----
Crossbows      | 5 6 |  6.3
Fighting       | 3 |  3.9
Maces & Flails | |  0.2
Dodging        | |  2.3
Stealth        | |  1.3

Action                   |  1- 3 |  4- 6 || total
-------------------------+-------+-------++-------
Melee: Short sword       |     2 |       ||     2
       Whip              |     4 |    28 ||    32
       Tentacles         |     1 |     3 ||     4
       Constrict         |       |     6 ||     6
 Fire: Hand crossbow     |    38 |    55 ||    93
  Use: Scroll            |     2 |     7 ||     9
       Potion            |       |     2 ||     2
 Stab: Sleeping          |       |     1 ||     1
  Eat: Chunk             |       |     5 ||     5
Armor: Skin              |       |     2 ||     2
Dodge: Dodged            |     3 |    11 ||    14
